 Dungeon Crawl Stone Soup version 0.22.1-5-g62c59d919a (webtiles) character file.

267 Froggeryz the Sneak (level 6, -4/30 HPs)
             Began as a Spriggan Enchanter on Jan 7, 2019.
             Slain by an orc
             ... wielding a +0 hand axe of electrocution
              (19 damage)
             ... on level 4 of the Dungeon.
             The game lasted 00:11:11 (4297 turns).

Froggeryz the Sneak (Spriggan Enchanter)            Turns: 4297, Time: 00:11:12

Health: -4/30      AC:  2    Str:  5    XL:     6   Next: 0%
Magic:  5/11       EV: 18    Int: 17    God:
Gold:   140        SH:  0    Dex: 17    Spells: 6/10 levels left

rFire    . . .     SeeInvis +   a - +1 dagger
rCold    . . .     Gourm    .   (shield restricted)
rNeg     + . .     Faith    .   l - +0 robe (curse)
rPois    .         Spirit   .   (helmet restricted)
rElec    .         Reflect  .   (no cloak)
rCorr    .         Harm     .   (gloves unavailable)
MR       +....                  (boots unavailable)
Stlth    +++.......             (no amulet)
HPRegen  0.10/turn              f - ring of positive energy
MPRegen  0.12/turn              (no ring)

@: very quick
A: very small, unfitting armour, see invisible, herbivore, speed 3, slow
metabolism 2
a: no special abilities


You were on level 4 of the Dungeon.
You were not hungry.

You visited 1 branch of the dungeon, and saw 4 of its levels.

You collected 140 gold pieces.

Inventory:

Hand Weapons
 a - a +1 dagger (weapon)
 c - a +2 short sword of holy wrath
 p - a +0 hunting sling
Missiles
 q - 78 stones (quivered)
 r - 4 needles of paralysis
Armour
 l - a cursed +0 robe (worn)
 m - a +0 buckler
Jewellery
 f - a ring of positive energy (left hand)
Scrolls
 e - 4 scrolls of remove curse {unknown}
 g - 2 scrolls of teleportation
 j - 3 scrolls of immolation {unknown}
 k - 3 scrolls of amnesia {unknown}
 n - a scroll of enchant armour {unknown}
Potions
 b - a potion of haste {unknown}
 h - a potion of agility {unknown}
 i - a potion of curing {unknown}
 o - 2 potions of mutation {unknown}
 s - a potion of berserk rage {unknown}
 t - a potion of degeneration {unknown}
Comestibles
 d - 6 rations


   Skills:
 - Level 2.2 Fighting
 - Level 4.0 Short Blades
 + Level 0.1 Slings
 - Level 3.0 Dodging
 + Level 6.2 Stealth
 - Level 2.6 Spellcasting
 * Level 4.7 Hexes


You had 6 spell levels left.
You knew the following spells:

 Your Spells              Type           Power        Failure   Level  Hunger
a - Corona                Hex            ###....      2%          1    #......
b - Confuse               Hex            ###.....     8%          3    ###....

Your spell library contained the following spells:

 Spells                   Type           Power        Failure   Level  Hunger
 Slow                     Hex            ###.....     4%          2    ##.....
 Tukima's Dance           Hex            ###.....     8%          3    ###....
 Ensorcelled Hibernation  Hex/Ice        ##....       11%         2    ##.....
 Magic Dart               Conj           #...         19%         1    #......
 Dazzling Spray           Conj/Hex       ##....       21%         3    ###....
 Blink                    Tloc           N/A          26%         2    ##.....
 Call Imp                 Summ           #.......     26%         2    ##.....
 Conjure Flame            Conj/Fire      #.......     47%         3    ###....
 Mephitic Cloud           Conj/Pois/Air  #.......     47%         3    ###....


Dungeon Overview and Level Annotations

Branches:
Dungeon (4/15)
 Temple: D:4-7

Altars:
Qazlal

Annotations:
D:4 exclusion: door


Innate Abilities, Weirdness & Mutations

You are very small and have problems with some larger weapons.
You are too small for most types of armour.
You have supernaturally acute eyesight. (SInv)
You are a herbivore.
You cover ground extremely quickly.
You need to consume almost no food.


Message History

You puncture the adder!
You kill the adder!
You have reached level 6!
Your experience leads to an increase in your attributes!
Increase (S)trength, (I)ntelligence, or (D)exterity?
You feel clever.
You hit the orc.
The orc is lightly wounded.
The orc completely misses you.
You hit the orc but do no damage.
The orc is lightly wounded.
You hit the orc but do no damage.
The orc is lightly wounded.
The orc hits you but does no damage.
You are electrocuted!
You closely miss the orc.
The orc is lightly wounded.
The orc hits you with a hand axe of electrocution.
You are electrocuted!
Ouch! That really hurt!
You die...

.....'.........+.......#.#
..####.........##........#
......#.......###........###.
......##.....## #............
....>.###...#### #..o#
>.....#........# #...#
......#.##.###.# ##.##
......#........#####.#
......#.##......@or..#
##.####.#...##.####### #.#
#......#.# #.# #...).##.#
#.####........#
#.......####### #########


You could see an orc and a quokka.

Vanquished Creatures
  An ogre (D:4)
  An orc wizard (D:4)
  Jessica (D:2)
  A worker ant (D:4)
  3 adders
  2 oozes (D:1)
  A worm (D:2)
  2 dart slugs (D:3)
  4 leopard geckos
  3 orcs
  7 bats
  5 giant cockroaches
  3 goblins
  2 hobgoblins
  4 jackals (D:3)
  5 kobolds
  A quokka (D:3)
  2 ball pythons
  7 frilled lizards
  A quokka skeleton (D:4)
  7 rats
63 creatures vanquished.

Notes
Turn   | Place    | Note
-------+----------+-------------------------------------------
     0 | D:1      | Froggeryz the Spriggan Enchanter began the quest for the
                  | Orb.
     0 | D:1      | Reached XP level 1. HP: 9/9 MP: 5/5
   545 | D:1      | Reached XP level 2. HP: 13/14 MP: 6/6
  1848 | D:2      | Reached skill level 5 in Stealth
  1912 | D:2      | Noticed an earth elemental
  1916 | D:2      | Reached skill level 1 in Fighting
  1916 | D:2      | Reached XP level 3. HP: 18/18 MP: 8/8
  1940 | D:2      | Noticed an air elemental
  1943 | D:2      | Found a stormy altar of Qazlal.
  1947 | D:2      | Noticed a fire elemental
  1947 | D:2      | Noticed a water elemental
  2044 | D:2      | Noticed Jessica
  2059 | D:2      | Killed Jessica
  2059 | D:2      | Reached XP level 4. HP: 22/22 MP: 6/9
  2958 | D:3      | Learned a level 3 spell: Confuse
  3644 | D:4      | Reached XP level 5. HP: 25/25 MP: 6/10
  3869 | D:4      | Noticed an ogre
  4113 | D:4      | Killed an ogre
  4113 | D:4      | Reached skill level 6 in Stealth
  4293 | D:4      | Reached XP level 6. HP: 30/30 MP: 4/11
  4297 | D:4      | Slain by an orc

Skill      XL: |  1  2  3  4  5 |
---------------+----------------+-----
Short Blades   | 2 3 4 |  4.0
Stealth        | 5 6 |  6.2
Fighting       | 1 2 |  2.2
Hexes          | 4 |  4.7
Slings         | |  0.1
Dodging        | |  3.0
Spellcasting   | |  2.6

Action                   |  1- 3 |  4- 6 || total
-------------------------+-------+-------++-------
Melee: Dagger            |   115 |   189 ||   304
 Fire: Hunting sling     |       |    65 ||    65
 Cast: Corona            |     5 |     5 ||    10
       Confuse           |       |     7 ||     7
  Use: Scroll            |       |     1 ||     1
 Stab: Sleeping          |    12 |     3 ||    15
       Confused          |       |     3 ||     3
  Eat: Ration            |       |     1 ||     1
Armor: Robe              |     9 |    23 ||    32
Dodge: Dodged            |    75 |   159 ||   234
